Map: Blackpink LE

Players

Anhtai - Winner!

  • Race: Zerg Zerg
  • League: Diamond
  • Spawn Location: 7:00

Dutchkid

  • Race: Zerg Zerg
  • League: Diamond
  • Spawn Location: 1:00

VOD

Have the link to the VOD?

Description

Time

  • Played on: Feb. 17, 2018, 7:10 a.m.
  • Length: 12:03
Show
View Real Time Build Order
Export as new Build Order

Anhtai Zerg - Winner!

Build Orders: Hatch First 

Get SALT Encoding   

  12  0:02  Drone  
  13  0:08  Drone  
  14  0:18  Overlord  
  14  0:37  Drone x3  
  17  0:52  Hatchery  
  16  1:07  Spawning Pool  
  16  1:10  Extractor  
  14  1:13  Drone  
  14  1:17  Drone  
  16  1:21  Drone  
  18  1:25  Drone  
  18  1:38  Drone  
  19  1:46  Drone  
  20  1:55  Queen  
  20  1:56  Overlord  
  22  2:05  Queen  
  24  2:14  Metabolic Boost  
  24  2:16  Drone x2  
  24  2:20  Drone  
  27  2:25  Drone  
  28  2:37  Baneling Nest  
  28  2:38  Drone x3  
  28  2:44  Drone  
  31  2:48  Drone  
  32  2:52  Zergling x2  
  32  2:56  Spine Crawler  
  32  3:02  Zergling x4  
  32  3:05  Overlord  
  34  3:06  Zergling x2  
  34  3:08  Zergling x2  
  35  3:22  Zergling x2  
  35  3:28  Zergling x6  
  35  3:31  Queen  
  37  3:34  Overlord  
  37  3:44  Hatchery  
  36  3:51  Overlord  
  36  3:56  Zergling x2  
  36  3:57  Zergling x6  
  40  4:06  Baneling x2  
  40  4:08  Zergling x8  
  41  4:11  Zergling x2  
  41  4:16  Zergling x2  
  42  4:22  Zergling x2  
  42  4:23  Zergling x8  
  44  4:39  Drone x2  
  44  4:42  Lair  
  43  4:46  Baneling x3  
  43  4:47  Extractor  
  41  4:59  Queen  
  43  5:00  Drone x3, Overlord  
  43  5:03  Extractor  
  43  5:04  Extractor  
  43  5:10  Baneling  
  43  5:12  Drone  
  43  5:16  Drone x2  
  45  5:24  Drone x4  
  48  5:31  Baneling x2  
  48  5:34  Queen  
  49  5:42  Baneling x2  
  46  5:43  Zergling x12  
  50  5:50  Zergling x6  
  50  5:53  Zergling x6  
  55  5:57  Zergling x2  
  55  5:58  Zergling x2  
  55  5:59  Zergling x2  
  53  6:05  Drone x2  
  53  6:08  Drone x3  
  53  6:09  Baneling  
  58  6:13  Drone x2  
  58  6:14  Baneling  
  60  6:20  Drone x3  
  60  6:23  Drone  
  64  6:27  Overlord  
  60  6:35  Zergling x2  
  60  6:36  Zergling x2  
  60  6:39  Overlord  
  55  6:54  Overlord x3  
  55  7:00  Drone x2, Roach Warren  
  57  7:01  Zergling x4  
  57  7:02  Baneling x4  
  57  7:03  Zergling x6  
  57  7:04  Zergling x6  
  64  7:17  Zergling x8  
  64  7:22  Zergling x4, Overlord  
  70  7:23  Drone x2  
  71  7:40  Zergling x8  
  71  7:43  Baneling x3  
  73  7:44  Drone x2, Glial Reconstitution  
  73  7:49  Evolution Chamber  
  73  7:50  Evolution Chamber  
  73  7:51  Drone x3  
  73  7:56  Roach x3  
  82  8:01  Hatchery  
  82  8:03  Baneling x4  
  81  8:14  Roach x4  
  81  8:15  Overlord  
  81  8:16  Drone, Overlord  
  81  8:17  Drone  
  81  8:18  Ravager x2  
  93  8:32  Roach  
  93  8:33  Roach x7  
  101  8:40  Roach x2  
  101  8:41  Roach  
  107  8:47  Roach x4  
  114  8:54  Overseer  
  114  8:58  Roach x2  
  114  8:59  Ravager x2  
  114  9:00  Ravager x2  
  114  9:01  Overlord x2  
  117  9:11  Extractor  
  117  9:16  Roach x5  
  117  9:17  Roach  
  122  9:19  Roach  
  122  9:20  Roach  
  122  9:22  Roach x2  
  130  9:34  Queen  
  130  9:37  Queen  
  130  9:38  Zergling x2, Roach x3  
  139  9:39  Roach  
  139  9:40  Ravager x2  
  143  9:50  Queen  
  143  9:51  Extractor  
  144  9:56  Overlord x2, Roach  
  144  9:57  Overlord  
  144  9:59  Zerg Missile Weapons Level 1  
  136  10:10  Roach x4  
  135  10:24  Zergling x2  
  135  10:25  Zergling x8, Roach  
  135  10:27  Roach x5  
  141  10:35  Roach x4  
  127  10:36  Roach  
  127  10:38  Roach  
  127  10:39  Roach  
  115  10:43  Queen  
  112  10:52  Roach  
  112  10:53  Roach x4  
  112  10:54  Ravager  
  112  10:56  Overseer  
  123  10:58  Drone x2  
  125  11:06  Drone x3  
  125  11:09  Drone  
  129  11:14  Ravager x2  
  129  11:15  Ravager  
  129  11:16  Drone x3  
  129  11:17  Drone x2  
  141  11:32  Roach  
  141  11:33  Roach x4  
  141  11:34  Drone x3  
  141  11:37  Extractor  
  147  11:43  Hydralisk Den  
Show
View Real Time Build Order
Export as new Build Order

Dutchkid Zerg 

Build Orders: Hatch First 

Get SALT Encoding   

  12  0:01  Drone  
  13  0:12  Overlord  
  13  0:17  Drone  
  14  0:31  Drone x2  
  14  0:34  Drone  
  17  0:51  Hatchery  
  17  0:55  Drone  
  17  0:57  Extractor  
  17  1:00  Drone  
  17  1:15  Spawning Pool  
  17  1:17  Drone  
  17  1:22  Drone  
  18  1:28  Drone  
  19  1:40  Overlord  
  19  1:53  Drone  
  20  2:02  Queen  
  20  2:03  Zergling x2  
  20  2:04  Zergling x2  
  20  2:05  Queen  
  26  2:10  Metabolic Boost  
  27  2:15  Drone  
  27  2:17  Drone  
  28  2:26  Baneling Nest  
  28  2:27  Zergling x2  
  28  2:28  Zergling x2  
  29  2:33  Drone  
  30  2:38  Drone  
  31  2:51  Queen  
  31  2:52  Overlord  
  31  2:57  Drone x3  
  36  3:13  Hatchery  
  35  3:21  Drone x2  
  35  3:22  Drone x2  
  37  3:32  Zergling x2  
  37  3:33  Zergling x8  
  40  3:35  Zergling x2  
  41  3:43  Overlord  
  41  3:45  Zergling x2  
  42  3:52  Baneling x2  
  42  3:53  Baneling  
  42  4:03  Zergling x4  
  42  4:07  Zergling x4  
  42  4:12  Zergling x6  
  44  4:21  Zergling x4  
  43  4:35  Zergling x4  
  43  4:36  Zergling x2  
  46  4:44  Zergling x6  
  47  4:53  Baneling x2  
  47  4:55  Baneling x2  
  47  4:58  Zergling x4  
  47  4:59  Zergling x4  
  51  5:06  Queen  
  51  5:12  Roach Warren  
  52  5:14  Evolution Chamber  
  51  5:22  Drone x6  
  51  5:23  Overlord x2  
  51  5:24  Overlord  
  56  5:35  Baneling x5  
  49  6:00  Zergling x18  
  49  6:01  Zergling x10  
  55  6:10  Zerg Missile Weapons Level 1  
  55  6:13  Drone  
  55  6:18  Extractor  
  55  6:23  Lair, Extractor  
  55  6:24  Drone x2  
  55  6:25  Drone x3  
  59  6:30  Zergling x2  
  50  6:44  Drone x2  
  50  6:45  Drone  
  49  6:48  Drone x3  
  49  6:49  Extractor  
  51  6:57  Zergling x4  
  51  6:59  Roach x3  
  59  7:02  Drone x2  
  59  7:05  Drone  
  62  7:16  Baneling x3  
  62  7:26  Roach  
  62  7:27  Roach x3  
  64  7:41  Roach x6  
  75  7:45  Drone  
  75  7:46  Drone x3  
  79  7:53  Baneling x2  
  79  7:58  Glial Reconstitution  
  79  8:01  Baneling x2  
  79  8:03  Roach  
  79  8:04  Overlord x2  
  79  8:05  Overlord x2  
  81  8:11  Drone, Extractor  
  81  8:12  Drone, Extractor  
  81  8:22  Drone  
  81  8:38  Zergling x2  
  81  8:39  Zergling x6  
  83  8:49  Roach x10  
  83  8:50  Roach x3  
  83  8:51  Zerg Missile Weapons Level 2  
  101  9:19  Roach x7  
  101  9:21  Overlord  
  101  9:22  Overlord x3  
  112  9:37  Roach x2  
  113  9:39  Overlord x3  
  113  9:41  Drone x2  
  115  9:50  Overseer  
  115  9:51  Hydralisk Den  
  112  9:54  Roach x3  
  116  10:10  Roach  
  116  10:11  Roach x7  
  132  10:19  Spire  
  122  10:25  Roach  
  122  10:26  Roach x2  
  112  10:33  Roach  
  112  10:34  Roach  
  96  10:38  Zergling x6  
  83  10:58  Drone x6  
  83  10:59  Drone x2, Lurker Den  
  90  11:12  Queen  
  90  11:14  Hydralisk  
  90  11:15  Hydralisk x2  
Tags
 
Add a new tag
Caveats
  • Supply blocks, unpowered buildings, or Contaminate may cause inaccurate times.
  • Supply counts are checked every 10 seconds.